 Dungeon Crawl Stone Soup version 0.31-a0-1469-gd420192249 (webtiles) character file.

Game seed: 15892808208021735858

2602 Rennog the Grappler (level 9, -1/92 HPs)
             Began as a Troll Monk on Dec 29, 2023.
             Was an Elder of Okawaru.
             Slain by a manticore (12 damage)
             ... on level 7 of the Dungeon.
             The game lasted 00:06:36 (3907 turns).

Rennog the Grappler (Troll Monk)                    Turns: 3907, Time: 00:06:37

Health: -1/92      AC:  4    Str: 23    XL:     9   Next: 33%
Magic:  7/9        EV: 13    Int:  6    God:    Okawaru [****..]
Gold:   270        SH:  0    Dex: 14    Spells: 8/8 levels left

rFire   . .          .
                       - Unarmed
rCold   + . .        c - orb {light}
rNeg    . . .        a - +0 robe
rPois   .            (helmet restricted)
rElec   .            (no cloak)
rCorr   .            (gloves unavailable)
SInv    +            (boots unavailable)
Will    .....        (no amulet)
Stlth   +            f - ring of see invisible
HPRegen 1.15/turn    k - ring of protection from cold
MPRegen 0.11/turn

%: no passive effects
@: heroic, glowing
A: large, unfitting armour, claws 3, regeneration 1, shaggy fur 1, tough skin 1
a: Renounce Religion, Heroism, Finesse


You were on level 7 of the Dungeon.
You worshipped Okawaru.
Okawaru was greatly pleased with you.
You visited 2 branches of the dungeon, and saw 8 of its levels.

You collected 270 gold pieces.

Inventory:

Armour
 a - a +0 robe (worn)
 c - an orb of light (worn)
Jewellery
 f - a ring of see invisible (left claw)
 k - a ring of protection from cold (right claw)
Wands
 t - a wand of flame (29)
 v - a wand of polymorph (11)
Scrolls
 d - 2 scrolls of amnesia {unknown}
 e - 4 scrolls of blinking {unknown}
 h - 3 scrolls of teleportation {unknown}
 i - a scroll of noise {unknown}
 j - 5 scrolls of identify {unknown}
 l - a scroll of silence {unknown}
 o - a scroll of summoning {unknown}
 p - a scroll of revelation {unknown}
 q - a scroll of enchant armour {unknown}
 u - 3 scrolls of immolation {unknown}
Potions
 b - a potion of ambrosia
 g - 2 potions of mutation {unknown}
 m - a potion of heal wounds {unknown}
 n - a potion of curing {unknown}
 r - a potion of resistance {unknown}
 s - a potion of berserk rage {unknown}


   Skills:
 + Level 6.5(11.5) Fighting
 - Level 2.4(7.4) Dodging
 * Level 10.5(15.5) Unarmed Combat
 - Level 2.5 Invocations


You had 8 spell levels left.
You didn't know any spells.
Your spell library contained the following spells:

 Spells                   Type           Power      Damage    Failure   Level
 Ensorcelled Hibernation  Hex/Ice        0%         N/A       58%         2
 Mercury Vapours          Alch/Air       0%         N/A       58%         2
 Mephitic Cloud           Conj/Alch/Air  0%         N/A       83%         3
 Passwall                 Erth           0%         N/A       83%         3
 Swiftness                Air            0%         N/A       83%         3
 Freezing Cloud           Conj/Ice/Air   0%         6-21      100%        5
 Lee's Rapid Deconstruct  Erth           0%         3d4*      100%        5
 Animate Armour           Summ/Erth      Unusable   N/A       N/A         4
 Summon Lightning Spire   Summ/Air       Unusable   N/A       N/A         4

Dungeon Overview and Level Annotations

Branches:
Dungeon (7/15)             Temple (1/1) D:4

Altars:
Ashenzari
Cheibriados
Dithmenos
Elyvilon
Fedhas
Gozag
Kikubaaqudgha
Makhleb
Nemelex Xobeh
Okawaru
Qazlal
Ru
Sif Muna
Trog
Uskayaw
Vehumet
Wu Jian
Yredelemnul
Zin


Innate Abilities, Weirdness & Mutations

You are too large for most types of armour.
You have claws for hands.
Your natural rate of healing is unusually fast.
You are covered in fur. (AC +1)
You have tough skin. (AC +1)


Message History

You feel sick.
You are no longer poisoned.
You see here a killer bee corpse.
v - a wand of polymorph (11)
You see here a +0 spear.
Items here: )))) [.
Done exploring.
Done exploring.
There is an escape hatch in the floor here.
There is a stone staircase leading down here.
You climb downwards.
You hear the hiss of flowing sand.
There is an entrance to an ossuary on this level.
Hurry and find it before the portal is buried!
Found 15 gold pieces.
There is a stone staircase leading up here.
Found a flux talisman.
The manticore flicks its tail.
The volley of spikes skewers you!
The barbed spikes become lodged in your body.
You scratch the manticore.
The manticore is lightly wounded.
You completely miss the manticore.
The manticore is lightly wounded.
The manticore completely misses you. The manticore claws you! x2
You scratch the manticore but do no damage.
The manticore is lightly wounded.
The manticore bites you!! The manticore completely misses you.
The manticore claws you!
You scratch the manticore.
The manticore is lightly wounded.
The manticore bites you!!
* * * LOW HITPOINT WARNING * * *
The manticore claws you!
* * * LOW HITPOINT WARNING * * *
The manticore claws you.
* * * LOW HITPOINT WARNING * * *
You gain the combat prowess of a mighty hero.
You carefully extract the barbed spikes from your body.
The manticore bites you!
You die...

.. #. .. ...
##. ## ....
.. ..#
#...##. ..#
...$...##..#
#....<...#
#.##.....#
#.@...#
#..H###..#
#....# ##
#....##
#.... ...##.
.%.# #. ...
..


You could see a manticore.

Vanquished Creatures
  Pikel (D:5)
  A wyvern (D:5)
  A steam dragon (D:6)
  A water moccasin (D:6)
  2 black bears
  2 ogres (D:5)
  A centaur (D:5)
  A kobold brigand (D:5)
  3 lemures (D:5)
  Blork the orc (D:6)
  5 scorpions
  4 killer bees (D:6)
  2 jellies
  4 hounds
  An orc priest (D:5)
  2 gnoll boudas (D:6)
  Terence (D:3)
  2 sleepcaps
  An iguana (D:3)
  An orc wizard (D:4)
  7 adders
  12 gnolls
  2 shadow imps
  2 ufetubi (D:5)
  4 dart slugs
  14 orcs
  6 endoplasms
  2 giant cockroaches
  4 goblins
  8 hobgoblins
  15 jackals
  7 kobolds
  5 quokkas
  5 ball pythons
  6 bats
  8 frilled lizards
  7 rats
151 creatures vanquished.

Notes
Turn   | Place    | Note
-------+----------+-------------------------------------------
     0 | D:1      | Rennog the Troll Monk began the quest for the Orb.
     0 | D:1      | Reached XP level 1. HP: 22/22 MP: 0/0
   124 | D:1      | You fall into a shaft and drop 1 floor!
   207 | D:2      | Reached XP level 2. HP: 29/29 MP: 1/1
   283 | D:1      | Reached XP level 3. HP: 36/36 MP: 2/2
   343 | D:1      | Reached skill level 4 in Unarmed Combat
   689 | D:2      | Found a glowing silver altar of Zin.
   949 | D:2      | Found a faded altar of an unknown god.
  1062 | D:3      | Noticed Terence
  1069 | D:3      | Killed Terence
  1070 | D:3      | Reached XP level 4. HP: 26/45 MP: 3/3
  1223 | D:3      | Noticed a black bear
  1232 | D:3      | Killed a black bear
  1233 | D:3      | Reached skill level 5 in Unarmed Combat
  1233 | D:3      | Reached XP level 5. HP: 27/53 MP: 4/4
  1288 | D:3      | Found a white marble altar of Elyvilon.
  1854 | D:3      | Reached XP level 6. HP: 24/62 MP: 5/5
  1918 | D:4      | Reached skill level 6 in Unarmed Combat
  2072 | D:4      | Found a staircase to the Ecumenical Temple.
  2092 | Temple   | Entered the Ecumenical Temple
  2144 | Temple   | Became a worshipper of Warmaster Okawaru
  2144 | Temple   | Reached * piety under Okawaru
  2144 | Temple   | Reached ** piety under Okawaru
  2464 | D:5      | Entered Level 5 of the Dungeon
  2499 | D:5      | Noticed Pikel
  2508 | D:5      | Killed Pikel
  2509 | D:5      | Reached skill level 7 in Unarmed Combat
  2509 | D:5      | Reached XP level 7. HP: 29/71 MP: 5/7
  2620 | D:5      | Reached XP level 8. HP: 78/79 MP: 8/8
  2708 | D:5      | Reached skill level 5 in Fighting
  2708 | D:5      | Reached skill level 8 in Unarmed Combat
  2731 | D:5      | Reached *** piety under Okawaru
  3090 | D:5      | Reached skill level 9 in Unarmed Combat
  3291 | D:6      | Reached XP level 9. HP: 80/89 MP: 9/9
  3314 | D:6      | Reached **** piety under Okawaru
  3374 | D:6      | Reached skill level 10 in Unarmed Combat
  3550 | D:6      | Noticed Blork the orc
  3561 | D:6      | Killed Blork the orc
  3618 | D:6      | Found a snail-covered altar of Cheibriados.
  3669 | D:6      | Found a burning altar of Makhleb.
  3898 | D:7      | Noticed a manticore
  3907 | D:7      | Slain by a manticore

Illustrated notes

Levels and vault maps discovered:
D:1:      sevenhm_arrival_forest_fort_large_2, layout_rooms
D:2:      layout_basic, ebering_ecumenical_altar_box, basic_altar
D:3:      layout_loops_cross, nicolae_overflow_hidden_temple,
          grunt_ministairs_14, uniq_terence
D:4:      layout_rooms, minmay_temple_entry_arrows
D:5:      minmay_chambers_of_fours, layout_basic, uniq_pikel
D:6:      layout_rooms, mainiacjoe_overflow_catwalk_spiral,
          grunt_decor_junction, uniq_blork_the_orc
D:7:      hellmonk_crumbling_castle, layout_cave_pools, enter_ossuary_4,
          ebering_ghost_rock_garden, uniq_maggie, uniq_menkaure,
          uniq_prince_ribbit1, uniq_maurice
Temple:   eino_temple_rhombus

Skill      XL: |  1  2  3  4  5  6  7  8  9 |
---------------+----------------------------+-----
Unarmed Combat | 4 5 7 9 10 | 10.5
Fighting       | 3 4 6 |  6.5
Invocations    | 2 |  2.5
Dodging        | |  2.4

Action                     |  1- 3 |  4- 6 |  7- 9 || total
---------------------------+-------+-------+-------++-------
  Melee: Unarmed           |    83 |   109 |   163 ||   355
 Invoke: Heroism           |       |       |     1 ||     1
 Armour: Robe              |    54 |    92 |   113 ||   259
  Dodge: Dodged            |    41 |    65 |    88 ||   194

Table legend: (Time is in decaauts)
 A = Elapsed time spent in this place.
 B = Non-inter-level travel time spent in this place.
 C = Inter-level travel time spent in this place.
 D = Time resting spent in this place.
 E = Time spent auto-exploring this place.
 F = Levels seen in this place.
 G = Mean time per level.
                   A        B        C        D        E       F      G
               +--------+--------+--------+--------+--------+-----+--------+
         Total |   3862 |   3574 |    288 |     44 |   2800 |   8 |  482.8 |
       Dungeon |   3791 |   3569 |    222 |     44 |   2800 |   7 |  541.6 |
        Temple |     71 |      5 |     66 |      0 |      0 |   1 |   71.0 |
               +--------+--------+--------+--------+--------+-----+--------+

Top non-repeatable levels by time:
     D:3: 846 daAuts
     D:6: 709 daAuts
     D:5: 693 daAuts
     D:2: 564 daAuts
     D:4: 492 daAuts
     D:1: 477 daAuts
  Temple: 71 daAuts
     D:7: 8 daAuts
